 Dungeon Crawl Stone Soup version 0.19.5 (webtiles) character file.

45 tidbits the Grave Robber (level 3, -1/21 HPs)
             Began as a High Elf Necromancer on Oct 29, 2017.
             Was an Initiate of Gozag.
             Slain by an ooze (3 damage)
             ... on level 2 of the Dungeon.
             The game lasted 00:06:02 (1099 turns).

tidbits the Grave Robber (High Elf Necromancer)     Turns: 1099, Time: 00:06:02

Health: -1/21      AC:  3    Str:  8    XL:     3   Next: 42%
Magic:  1/8        EV: 13    Int: 19    God:    Gozag
Gold:   183        SH:  0    Dex: 15    Spells: 3 memorised, 3 levels left

rFire  . . .     SeeInvis .     e - -3 spear (curse)
rCold  . . .     Gourm    .     B - +0 robe
rNeg   . . .     Faith    .     (no shield)
rPois  .         Spirit   .     (no helmet)
rElec  .         Reflect  .     (no cloak)
rCorr  .         Harm     .     G - +0 pair of gloves
MR     .....                    (no boots)
Stlth  ++........               (no amulet)
                                (no ring)
                                (no ring)

@: no status effects
A: no striking features
a: Potion Petition, Call Merchant, Bribe Branch, Renounce Religion


You were on level 2 of the Dungeon.
You worshipped Gozag.
Gozag was aware of your devotion.
You were hungry.

You visited 1 branch of the dungeon, and saw 2 of its levels.

You collected 183 gold pieces.

Inventory:

Hand Weapons
 e - a cursed -3 spear (weapon)
   (You found it on level 1 of the Dungeon)
 g - a cursed +0 short sword
   (You took it off a kobold on level 1 of the Dungeon)
Missiles
 a - 59 bolts
 f - 19 sling bullets
 h - 23 stones (quivered)
Armour
 B - a +0 robe (worn)
 G - a +0 pair of gloves (worn)
   (You found it on level 1 of the Dungeon)
Scrolls
 d - 2 scrolls of fear
Potions
 i - a potion of agility
Books
 b - a book of Necromancy

   Spells                             Type                      Level
   a - Pain                           Necromancy                   1
   b - Animate Skeleton               Necromancy                   1
   c - Vampiric Draining              Necromancy                   3
   d - Regeneration                   Charms/Necromancy            3
   e - Animate Dead                   Necromancy                   4
   f - Control Undead                 Necromancy                   4
Comestibles
 c - 2 bread rations


   Skills:
 - Level 2.1 Dodging
 - Level 2.1 Stealth
 + Level 3.1 Spellcasting
 * Level 4.0 Necromancy


You had 3 spell levels left.
You knew the following spells:

 Your Spells              Type           Power        Failure   Level  Hunger
a - Pain                  Necr           ###.         3%          1    None
n - Animate Skeleton      Necr           N/A          3%          1    None
r - Regeneration          Chrm/Necr      ##........   21%         3    ###....


Dungeon Overview and Level Annotations

Branches:
Dungeon (2/15)

Altars:
Gozag


Message History

Confirm with . or Enter, or press ? or * to list all spells.
Aiming: Pain
Press: ? - help, Shift-Dir - straight line, f - ball python
Aim: a ball python (hasn't noticed you, chance to defeat MR: 89%)
The ball python hisses angrily.
The ball python writhes in agony!
You kill the ball python!
Your Necromancy skill increases to level 4!
The rat is distracted by the nearby gold.
Casting: Pain
Confirm with . or Enter, or press ? or * to list all spells.
Aiming: Pain
Press: ? - help, Shift-Dir - straight line, f - rat
Aim: a rat (hasn't noticed you, chance to defeat MR: 89%)
The rat is no longer distracted by gold.
The rat writhes in agony!
You kill the rat!
Casting: Pain
Confirm with . or Enter, or press ? or * to list all spells.
Your skin crawls.
You are feeling hungry.
Found 9 gold pieces.
You see here 7 gold pieces.
You now have 127 gold pieces (gained 7).
Your skin is crawling a little less now.
Found 12 gold pieces.
You see here 7 gold pieces.
You now have 134 gold pieces (gained 7).
A hobgoblin comes into view. It is wielding a club.
Your skin stops crawling.
The hobgoblin shouts!
Casting: Regeneration
Confirm with . or Enter, or press ? or * to list all spells.
Aiming: Pain
Press: ? - help, Shift-Dir - straight line, f - ooze
Aim: an ooze (hasn't noticed you, chance to defeat MR: 78%)
The ooze quivers.
The ooze writhes in agony!
Casting: Pain
Confirm with . or Enter, or press ? or * to list all spells.
Aiming: Pain
Press: ? - help, Shift-Dir - straight line, f/p - ooze
Aim: an ooze (moderately wounded, chance to defeat MR: 78%)
The ooze writhes in agony!
Casting: Pain
Confirm with . or Enter, or press ? or * to list all spells.
Aiming: Pain
Press: ? - help, Shift-Dir - straight line, f/p - ooze
Aim: an ooze (almost dead, chance to defeat MR: 78%)
The ooze writhes in agony!
You kill the ooze!
You see here 9 gold pieces.
You now have 143 gold pieces (gained 9).
You see here 7 gold pieces.
Casting: Pain
Confirm with . or Enter, or press ? or * to list all spells.
Aiming: Pain
Press: ? - help, Shift-Dir - straight line, f - hobgoblin
Aim: a hobgoblin, wielding a club (chance to defeat MR: 89%)
The hobgoblin writhes in agony!
You kill the hobgoblin!
You now have 150 gold pieces (gained 7).
Things that are here:
5 gold pieces; a club You now have 155 gold pieces (gained 5).
You see here 12 gold pieces.
You now have 167 gold pieces (gained 12).
Found a stone staircase leading up.
Found 16 gold pieces.
You see here 16 gold pieces.
You now have 183 gold pieces (gained 16).
An ooze comes into view.
The ooze quivers.
Casting: Pain
Confirm with . or Enter, or press ? or * to list all spells.
Aiming: Pain
Press: ? - help, Shift-Dir - straight line, f - ooze
Aim: an ooze (chance to defeat MR: 78%)
The ooze writhes in agony!
Casting: Pain
Confirm with . or Enter, or press ? or * to list all spells.
Aiming: Pain
Press: ? - help, Shift-Dir - straight line, f/p - ooze
Aim: an ooze (moderately wounded, chance to defeat MR: 78%)
The ooze writhes in agony!
The ooze hits you but does no damage.
Casting: Pain
Confirm with . or Enter, or press ? or * to list all spells.
Aiming: Pain
Press: ? - help, Shift-Dir - straight line, f/p - ooze
Aim: an ooze (almost dead, chance to defeat MR: 78%)
The ooze barely resists.
The ooze hits you.
* * * LOW HITPOINT WARNING * * *
Casting: Pain
Confirm with . or Enter, or press ? or * to list all spells.
Aiming: Pain
Press: ? - help, Shift-Dir - straight line, f/p - ooze
Aim: an ooze (almost dead, chance to defeat MR: 78%)
The ooze barely resists.
The ooze hits you.
You die...
Your body crumbles into a pile of gold.

..... #............#.......
......
#......#...........>.
######
#......####.........)
#######.#......##.###.###.#
#.......###..#.# #.# #.# #
#.#####.###..#.## #.# #..
.##. #.#####..........
#.###..
.....##.##......J#...
#...<.. #...##.##.##@#
......####..
#......##.##<.......... ##.
#.........##.#.#....... ##
##.#########.#........#
.... #.# ###.... #.##.# #.#
#.... # #.# #.# ... ... #.


You could see an ooze.

Vanquished Creatures
  An adder (D:2)
  An ooze (D:2)
  3 dart slugs
  A giant cockroach (D:1)
  3 goblins
  4 hobgoblins
  2 jackals (D:1)
  A ball python (D:2)
  2 bats
  4 kobolds
  4 rats
26 creatures vanquished.

Notes
Turn   | Place    | Note
-------+----------+-------------------------------------------
     0 | D:1      | tidbits the High Elf Necromancer began the quest for the Orb.
     0 | D:1      | Reached XP level 1. HP: 11/11 MP: 4/4
   264 | D:1      | Reached XP level 2. HP: 7/17 MP: 4/6
   267 | D:1      | Learned a level 1 spell: Animate Skeleton
   297 | D:2      | Found a faded altar of an unknown god.
   362 | D:2      | Became a worshipper of Gozag Ym Sagoz the Greedy
   825 | D:1      | Reached XP level 3. HP: 10/21 MP: 0/8
   855 | D:1      | Learned a level 3 spell: Regeneration
   903 | D:1      | Reached skill level 3 in Spellcasting
   915 | D:1      | HP: 2/21 [jackal (3)]
  1035 | D:2      | Reached skill level 4 in Necromancy
  1098 | D:2      | HP: 2/21 [ooze (5)]
  1099 | D:2      | Slain by an ooze

Skill      XL: |  1  2  3 |
---------------+----------+-----
Spellcasting   | 3 |  3.1
Necromancy     | 4 |  4.0
Dodging        | |  2.1
Stealth        | |  2.1

Action                   || total
-------------------------++-------
Melee: Spear             ||     6
 Cast: Pain              ||    57
       Regeneration      ||     1
  Use: Scroll            ||     3
       Potion            ||     2
Armor: Robe              ||     6
Dodge: Dodged            ||    21

Table legend:
 A = Turns spent in this place as a percentage of turns spent in the entire game.
 B = Non-inter-level travel turns spent in this place as a percentage of non-inter-level travel turns spent in the entire game.
 C = Inter-level travel turns spent in this place as a percentage of turns spent in this place.
 D = Turns resting spent in this place as a percentage of non-inter-level travel turns spent in this place.
 E = Turns spent auto-exploring this place as a percentage of non-inter-level travel turns spent in this place.
 F = Non-inter-level travel turns spent in this place divided by the number of levels of this place that you've seen.
                   A       B       C       D       E      F
               +-------+-------+-------+-------+-------+----------------------
         Total | 100.0 | 100.0 |   0.0 |   2.9 |   0.0 | 305.5
       Dungeon | 100.0 | 100.0 |   0.0 |   2.9 |   0.0 | 305.5
               +-------+-------+-------+-------+-------+----------------------

Table legend:
 A = Kills in this place as a percentage of kills in entire the game.
 B = Kills by you in this place as a percentage of kills by you in the entire game.
 C = Kills by friends in this place as a percentage of kills by friends in the entire game.
 D = Other kills in this place as a percentage of other kills in the entire game.
 E = Experience gained in this place as a percentage of experience gained in the entire game.
 F = Experience gained in this place divided by the number of levels of this place that you have seen.
                   A       B       C       D       E      F
               +-------+-------+-------+-------+-------+----------------------
         Total | 100.0 | 100.0 |  -nan |  -nan | 100.0 |  32.5
       Dungeon | 100.0 | 100.0 |  -nan |  -nan | 100.0 |  32.5
               +-------+-------+-------+-------+-------+----------------------

Vault maps used:
D:1:      matt_arrival_los_fun, doesnt_xom_only_xom
D:2:      first_bread, ecumenical_altar_1, minmay_cupped
